 Dungeon Crawl Stone Soup version 0.23.1 (webtiles) character file.

Game seed: 15552000710584885175

91 Revguard the Slasher (level 4, -7/34 HPs)
             Began as a Demonspawn Gladiator on Mar 10, 2019.
             Mangled by a scorpion (8 damage)
             ... on level 3 of the Dungeon.
             The game lasted 00:04:42 (2185 turns).

Revguard the Slasher (Demonspawn Gladiator)         Turns: 2185, Time: 00:04:43

Health: -7/34      AC:  8    Str: 13 (14) XL:     4   Next: 33%
Magic:  4/4        EV: 10    Int:  8 (9)  God:
Gold:   101        SH:  0    Dex: 15 (16) Spells: 3/3 levels left

rFire    . . .     SeeInvis .   a - +0 long sword
rCold    . . .     Gourm    .   (no shield)
rNeg     + . .     Faith    .   o - +0 scale mail
rPois    .         Spirit   .   c - +0 helmet
rElec    .         Reflect  .   p - +0 cloak (curse)
rCorr    .         Harm     .   (no gloves)
MR       .....                  (no boots)
Stlth    ..........             (no amulet)
HPRegen  0.11/turn              e - ring of positive energy
MPRegen  0.09/turn              (no ring)

@: lethally poisoned (-7 -> -9)
A: rot immunity
a: no special abilities


You were on level 3 of the Dungeon.
You were not hungry.

You visited 1 branch of the dungeon, and saw 3 of its levels.

You collected 101 gold pieces.

Inventory:

Hand Weapons
 a - a +0 long sword (weapon)
Missiles
 d - 3 throwing nets (quivered)
Armour
 b - a +0 leather armour
 c - a +0 helmet (worn)
 o - a +0 scale mail (worn)
 p - a cursed +0 cloak (worn)
Jewellery
 e - a ring of positive energy (left hand)
Scrolls
 g - a scroll of magic mapping {unknown}
 h - 2 scrolls of identify {unknown}
 i - 3 scrolls of teleportation {unknown}
 j - a scroll of enchant weapon {unknown}
 k - a scroll of noise {unknown}
 m - 3 scrolls of remove curse {unknown}
 n - a scroll of fear {unknown}
Comestibles
 f - 4 rations
 l - a chunk of flesh


   Skills:
 + Level 2.6 Fighting
 + Level 3.9 Long Blades
 - Level 1.7 Throwing
 + Level 1.2 Armour
 + Level 2.9 Dodging
 + Level 0.2 Stealth


You had 3 spell levels left.
You didn't know any spells.
Your spell library was empty.

Dungeon Overview and Level Annotations

Branches:
Dungeon (3/15)

Altars:


Innate Abilities, Weirdness & Mutations

You are immune to rotting.


Message History

The scorpion is lightly wounded.
The hobgoblin hits you but does no damage.
The scorpion stings you but does no damage.
You closely miss the scorpion.
The scorpion is lightly wounded.
The hobgoblin hits you but does no damage.
The scorpion stings you.
* * * LOW HITPOINT WARNING * * *
The hobgoblin barely misses you.
You aren't carrying any potions.
You feel sick. The scorpion stings you.
* * * LOW HITPOINT WARNING * * *
* * * LOW HITPOINT WARNING * * *
You feel sick.
Okay, then.
You slash the scorpion!
The scorpion is severely wounded.
The scorpion stings you!
You die...

.##..)......#
.##.#######.# .##.#
#.## ### #.# .##.#
#.. ... ... .##.#
#.# #.# ..#
.##.#######.# #.#
..# .##.........#
###.# ..#
.##########.####.#.#
..# .#
#.....@sg##..# .#
######.......# .#
#.###..## <# #.#
#..# รท# #.# #..# .#
#.# #..# .# #.# #...
.# ... #..## .# #...


You could see a scorpion and a hobgoblin.

Vanquished Creatures
  Natasha (D:2)
  An adder (D:3)
  2 worms (D:2)
  2 dart slugs (D:2)
  3 leopard geckos (D:1)
  A ball python (D:2)
  5 bats
  2 giant cockroaches (D:1)
  4 goblins
  6 hobgoblins
  5 jackals (D:2)
  2 frilled lizards
  6 kobolds
  2 rats
42 creatures vanquished.

Notes
Turn   | Place    | Note
-------+----------+-------------------------------------------
     0 | D:1      | Revguard the Demonspawn Gladiator began the quest for the
                  | Orb.
     0 | D:1      | Reached XP level 1. HP: 16/16 MP: 1/1
   176 | D:1      | Reached skill level 3 in Long Blades
   227 | D:1      | Gained mutation: You are immune to rotting. [demonic
                  | ancestry]
   227 | D:1      | Reached XP level 2. HP: 20/22 MP: 2/2
  1138 | D:2      | Reached XP level 3. HP: 24/28 MP: 3/3
  1659 | D:2      | Noticed Natasha
  1669 | D:2      | Killed Natasha
  1669 | D:2      | Reached skill level 1 in Armour
  1669 | D:2      | Reached XP level 4. HP: 15/34 MP: 4/4
  2183 | D:3      | HP: 1/34 [poisoned by a scorpion]
  2185 | D:3      | Mangled by a scorpion

Skill      XL: |  1  2  3 |
---------------+----------+-----
Long Blades    | 3 |  3.9
Armour         | 1 |  1.2
Fighting       | |  2.6
Throwing       | |  1.7
Dodging        | |  2.9
Stealth        | |  0.2

Action                   |  1- 3 |  4- 6 || total
-------------------------+-------+-------++-------
Melee: Long sword        |    99 |    35 ||   134
  Use: Potion            |     1 |     1 ||     2
  Eat: Chunk             |     2 |     2 ||     4
Armor: Leather armour    |    32 |       ||    32
       Scale mail        |    17 |    16 ||    33
Dodge: Dodged            |    90 |    11 ||   101
       Rpst.: Long sword |    39 |     2 ||    41
